 Dungeon Crawl Stone Soup version 0.26-a0-466-g989023bd0d (webtiles) character file.

Game seed: 4224427927624419228

140 Lanoc the Shield-Bearer (level 5, -5/36 HPs)
             Began as a Halfling Fighter on Aug 5, 2020.
             Killed by divine providence
             ... invoked by an orc priest
              (14 damage)
             ... on level 3 of the Dungeon.
             The game lasted 00:02:52 (1669 turns).

Lanoc the Shield-Bearer (Halfling Fighter)          Turns: 1669, Time: 00:02:53

Health: -5/36      AC: 18    Str: 17    XL:     5   Next: 47%
Magic:  5/5        EV:  6    Int:  6    God:
Gold:   51         SH: 10    Dex: 15    Spells: 4/4 levels left

rFire    . . .     SeeInvis .   a - +0 long sword
rCold    . . .     Faith    +   c - +0 kite shield
rNeg     . . .     Spirit   .   l - +0 plate armour (curse)
rPois    .         Reflect  .   (no helmet)
rElec    .         Harm     .   j - +2 cloak
rCorr    .                      q - +2 pair of gloves
MR       .....                  (no boots)
Stlth    ..........             b - amulet of faith
HPRegen  0.12/turn              o - +4 ring of slaying
MPRegen  0.09/turn              (no ring)

@: no status effects
A: small, mutation resistance 1
a: no special abilities


You were on level 3 of the Dungeon.
You visited 1 branch of the dungeon, and saw 3 of its levels.

You collected 51 gold pieces.

Inventory:

Hand Weapons
 a - a +0 long sword (weapon)
Missiles
 g - 81 sling bullets
 h - 145 stones (quivered)
Armour
 c - a +0 kite shield (worn)
 j - a +2 cloak (worn)
 l - a cursed +0 plate armour (worn)
 q - a +2 pair of gloves (worn)
Jewellery
 b - an amulet of faith (around neck)
 o - a +4 ring of slaying (left hand)
 p - an uncursed amulet of guardian spirit
Scrolls
 e - a scroll of fear {unknown}
 k - a scroll of enchant armour {unknown}
 m - a scroll of teleportation {unknown}
 n - 3 scrolls of identify {unknown}
Potions
 d - a potion of might
 f - a potion of curing {unknown}
 i - 2 potions of stabbing {unknown}


   Skills:
 + Level 3.5 Fighting
 - Level 2.0 Long Blades
 + Level 4.2 Armour
 + Level 2.3 Dodging
 + Level 4.2 Shields


You had 4 spell levels left.
You didn't know any spells.
Your spell library was empty.

Dungeon Overview and Level Annotations

Branches:
Dungeon (3/15)

Altars:


Innate Abilities, Weirdness & Mutations

You are small and have problems with some larger weapons.
You are somewhat resistant to further mutation.


Message History

The orc throws a boomerang of dispersal.
The boomerang of dispersal barely misses you.
There is a stone staircase leading up here.
You barely miss the leopard gecko.
The leopard gecko is severely wounded.
The bat hits you but does no damage. You block the leopard gecko's attack.
The orc throws a boomerang of dispersal.
The boomerang of dispersal hits you but does no damage.
The leopard gecko bites you but does no damage.
The orc throws a boomerang of dispersal.
You block the boomerang of dispersal.
You hit the leopard gecko.
You kill the leopard gecko!
The bat hits you but does no damage.
The orc priest calls down the wrath of Beogh upon you.
Beogh smites you!
* * * LOW HITPOINT WARNING * * *
The orc priest invokes the aid of Beogh against you.
Beogh smites you!
You die...

#. ##.
..##########
#..b......#
#.........#
#.o.@.....#
...#####..†......#
......)oo........#
.#.#####o........#
#.........# #
#.........# #.
#####.##### .. #.#
# #.#


You could see an orc priest, 3 orcs and a bat.

Vanquished Creatures
  Robin (D:2)
  4 adders
  An adder skeleton (D:3)
  3 dart slugs
  2 leopard geckos
  7 orcs (D:3)
  A ball python (D:2)
  5 bats
  3 giant cockroaches
  14 goblins
  5 hobgoblins (D:2)
  9 jackals
  2 quokkas
  2 frilled lizards
  5 kobolds
  9 rats
73 creatures vanquished.

Notes
Turn   | Place    | Note
-------+----------+-------------------------------------------
     0 | D:1      | Lanoc the Halfling Fighter began the quest for the Orb.
     0 | D:1      | Reached XP level 1. HP: 15/15 MP: 1/1
   116 | D:1      | Reached XP level 2. HP: 17/20 MP: 2/2
   410 | D:1      | Reached skill level 1 in Dodging
   557 | D:1      | Reached XP level 3. HP: 25/25 MP: 3/3
   871 | D:2      | Reached XP level 4. HP: 31/31 MP: 4/4
  1048 | D:2      | Noticed Robin
  1087 | D:2      | Killed Robin
  1307 | D:2      | Reached XP level 5. HP: 36/36 MP: 5/5
  1669 | D:3      | Killed from afar by an orc priest

Illustrated notes

Levels and vault maps discovered:
D:1:      saegor_arrival_simple_a, layout_basic
D:2:      layout_rooms, uniq_robin
D:3:      layout_rooms

Skill      XL: |  1  2  3  4 |
---------------+-------------+-----
Dodging        | 1 2 |  2.3
Fighting       | 3 |  3.5
Shields        | 4 |  4.2
Armour         | 4 |  4.2
Long Blades    | |  2.0

Action                   |  1- 3 |  4- 6 || total
-------------------------+-------+-------++-------
Melee: Long sword        |    76 |   121 ||   197
Armor: Scale mail        |    24 |       ||    24
       Plate armour      |    26 |   116 ||   142
Dodge: Dodged            |    35 |    41 ||    76
Block: Kite shield       |    48 |    90 ||   138
       Rpst.: Long sword |    10 |    14 ||    24

Table legend: (Time is in decaauts)
 A = Elapsed time spent in this place.
 B = Non-inter-level travel time spent in this place.
 C = Inter-level travel time spent in this place.
 D = Time resting spent in this place.
 E = Time spent auto-exploring this place.
 F = Levels seen in this place.
 G = Mean time per level.
                   A        B        C        D        E       F      G
               +--------+--------+--------+--------+--------+-----+--------+
         Total |   1743 |   1661 |     82 |      0 |   1207 |   3 |  581.0 |
       Dungeon |   1743 |   1661 |     82 |      0 |   1207 |   3 |  581.0 |
               +--------+--------+--------+--------+--------+-----+--------+

Top non-repeatable levels by time:
     D:2: 767 daAuts
     D:1: 659 daAuts
     D:3: 316 daAuts
